AoeStats
← AoEE.Tsumi

Arabia

510172952Analyzed
2v2 RM · 1d ago on Sep 29, 2026· 56m 9s· 4 players
Game mode
Random Map
Map size
Medium (4 player)
Population
200
Speed
Normal
Resources
Standard
Victory
Conquest
Starting age
Dark Age
Ending age
Imperial Age
RankedLock teamsTeams togetherTeam positionsShared explorationLock speedFull tech treeHidden civsTurbo modeCheats
Victory
Defeat
🇪🇸 Berbers · Spain
1200
+15
🇸🇪 Aztecs · Sweden
1179
+16
🇪🇪 Spanish · Estonia
1195
-16
🇪🇪 Maya · Estonia
1169
-15
Bulbu
3:42 Loom
11:15 Feudal Age
18:26 Castle Age
17:08 Double-Bit Axe
17:41 Horse Collar
19:04 Fletching
19:16 Padded Archer Armor
19:32 Scale Mail Armor
20:46 Chain Mail Armor
23:08 Elite Skirmisher
25:50 Wheelbarrow
27:07 Atlatl
27:22 Padded Archer Armor
28:16 Bodkin Arrow
30:09 Squires
32:03 Leather Archer Armor
32:56 Forging
33:33 Ballistics
39:00 Imperial Age
36:18 Pikeman
38:07 Hand Cart
39:15 Iron Casting
40:00 Capped Ram
41:30 Bracer
43:59 Conscription
46:04 Bow Saw
46:47 Sanctity
54:55 Block Printing
imperioooso
6:09 Loom
9:14 Feudal Age
10:01 Double-Bit Axe
12:01 Wheelbarrow
19:57 Castle Age
20:06 Scale Barding Armor
20:11 Forging
20:50 Husbandry
23:34 Horse Collar
24:58 Bloodlines
26:11 Bow Saw
28:33 Iron Casting
30:25 Fletching
30:55 Heavy Plow
37:11 Imperial Age
36:05 Chain Barding Armor
35:54 Elite Skirmisher
38:42 Plate Barding Armor
39:20 Hand Cart
40:06 Cavalier
41:46 Gold Mining
42:29 Crop Rotation
41:43 Light Cavalry
45:13 Blast Furnace
46:11 Conscription
47:07 Town Watch
47:53 Hussar
52:26 Gold Shaft Mining
MJATEZHNIK.Bobihnoo
0:28 Loom
9:15 Feudal Age
11:35 Double-Bit Axe
20:12 Castle Age
18:56 Fletching
19:30 Horse Collar
20:33 Padded Archer Armor
20:21 Crossbowman
21:10 Eagle Warrior
23:43 Squires
25:13 Forging
25:05 Scale Mail Armor
30:29 Forging
30:15 Bodkin Arrow
30:36 Chain Mail Armor
30:32 Forging
30:39 Thumb Ring
34:38 Bow Saw
37:21 Heavy Plow
38:05 Leather Archer Armor
38:07 Gold Mining
38:58 Wheelbarrow
44:23 Imperial Age
45:37 Holcans
45:29 Elite Eagle Warrior
AoEE.Tsumi
10:37 Feudal Age
11:17 Loom
16:00 Castle Age
26:25 Double-Bit Axe
26:25 Pikeman
27:17 Horse Collar
34:20 Wheelbarrow
36:24 Scale Barding Armor
36:52 Husbandry
37:02 Bloodlines
38:03 Chain Barding Armor
38:21 Gold Mining
41:10 Squires
42:00 Forging
43:29 Iron Casting
47:44 Imperial Age
47:06 Bloodlines
48:19 Hand Cart
48:26 Cavalier
50:37 Town Watch
Connection lost

Rejoining the realm…

Still unreachable

The connection could not be restored.

Session expired

The server has moved on; the page needs a fresh start.